General information
- name: 2on2+obs VCK clan gbb#1
- type: Custom game
- host: FeierLord
- saver: omgwtfbbq2
map: TwistedMeadows
- players: 6
- length: 34:27
- speed: Fast
- version: 1.26 W3XP
- replay type: Public
» download(442 KB)
Players
team 1 (winner)
FeierLord (
blue | 167 APM | 5770 actions | 34:27)
6 Death Knight
3 Death Coil
2 Unholy Aura
1 Animate Dead
6 Lich
3 Frost Nova
3 Frost Armor
4 Crypt Lord
2 Impale
2 Spiked Carapace
2 Demon Hunter
1 Mana Burn
1 Metamorphosis
» actions
| Assign group hotkey | 152 | |
| Basic commands | 177 | |
| Build / train | 82 | |
| Enter build submenu | 19 | |
| Enter hero's abilities submenu | 18 | |
| Give item / drop item | 5 | |
| Right click | 2813 | |
| Select / deselect | 861 | |
| Select group hotkey | 1435 | |
| Use ability | 208 | |
5770 total
» units
| Acolyte | 2 | |
| Ghoul | 6 | |
| Crypt Fiend | 9 | |
| Obsidian Statue | 8 | |
| Forest Troll Shadow Priest | 1 | |
| Abomination | 3 | |
| Druid of the Claw | 2 | |
| Dryad | 3 | |
34 total
» upgrades
| Creature Attack | 3 | |
| Burrow | 1 | |
| Destroyer Form | 1 | |
| Web | 1 | |
| Disease Cloud | 1 | |
7 total
» buildings
| Graveyard | 1 | |
| Crypt | 1 | |
| Altar of Darkness | 1 | |
| Ziggurat | 5 | |
| Tomb of Relics | 1 | |
| Nerubian Tower | 1 | |
| Halls of the Dead | 1 | |
| Black Citadel | 1 | |
| Slaughterhouse | 2 | |
14 total
» build order
00:06 Graveyard
00:08 Crypt
00:34 Altar of Darkness
00:46 Ziggurat
01:07 Tomb of Relics
01:48 Ziggurat
02:22 Nerubian Tower
03:14 Ziggurat
03:54 Halls of the Dead
04:57 Ziggurat
06:35 Black Citadel
06:56 Slaughterhouse
07:10 Slaughterhouse
10:37 Ziggurat
» items
| Rod of Necromancy | 5 | |
| Orb of Corruption | 1 | |
| Potion of Healing | 5 | |
| Scroll of Healing | 1 | |
| Scroll of Town Portal | 3 | |
| Potion of Mana | 1 | |
| Potion of Lesser Invulnerability | 1 | |
17 total
gogoplata (
green | 170 APM | 5055 actions | 29:41)
4 Demon Hunter
1 Mana Burn
3 Evasion
4 Keeper of the Grove
2 Entangling Roots
2 Thorns Aura
» actions
| Assign group hotkey | 90 | |
| Basic commands | 29 | |
| Build / train | 103 | |
| Enter build submenu | 13 | |
| Enter hero's abilities submenu | 9 | |
| Give item / drop item | 4 | |
| Remove unit from queue | 2 | |
| Right click | 2436 | |
| Select / deselect | 364 | |
| Select group hotkey | 1818 | |
| Use ability | 186 | |
5055 total
» units
| Wisp | 26 | |
| Huntress | 3 | |
| Dryad | 10 | |
| Druid of the Claw | 11 | |
50 total
» upgrades
| Druid of the Claw Training | 2 | |
| Abolish Magic | 1 | |
| Strength of the Wild | 3 | |
| Reinforced Hides | 2 | |
8 total
» buildings
| Altar of Elders | 1 | |
| Moon Well | 6 | |
| Hunter's Hall | 1 | |
| Ancient of War | 1 | |
| Tree of Ages | 1 | |
| Ancient of Lore | 2 | |
| Tree of Eternity | 1 | |
| Tree of Life | 1 | |
| Ancient of Wonders | 1 | |
15 total
» build order
00:05 Altar of Elders
00:16 Moon Well
01:47 Hunter's Hall
01:53 Ancient of War
02:00 Moon Well
03:01 Tree of Ages
04:08 Moon Well
05:33 Ancient of Lore
06:19 Ancient of Lore
06:52 Tree of Eternity
07:40 Moon Well
08:47 Tree of Life
09:10 Ancient of Wonders
14:05 Moon Well
21:53 Moon Well
» items
| Dust of Appearance | 2 | |
| Boots of Speed | 3 | |
| Potion of Healing | 7 | |
| Orb of Venom | 2 | |
| Staff of Preservation | 2 | |
| Lesser Clarity Potion | 5 | |
| Potion of Lesser Invulnerability | 3 | |
| Scroll of Healing | 2 | |
| Scroll of Town Portal | 4 | |
30 total
team 2 (loser)
mTw.Terror (
red | 189 APM | 6509 actions | 34:25)
5 Death Knight
3 Death Coil
2 Unholy Aura
6 Lich
2 Frost Armor
2 Frost Nova
2 Dark Ritual
» actions
| Assign group hotkey | 85 | |
| Basic commands | 70 | |
| Build / train | 76 | |
| ESC pressed | 1 | |
| Enter build submenu | 20 | |
| Enter hero's abilities submenu | 12 | |
| Give item / drop item | 9 | |
| Right click | 2590 | |
| Select / deselect | 739 | |
| Select group hotkey | 2635 | |
| Use ability | 272 | |
6509 total
» units
| Acolyte | 2 | |
| Ghoul | 4 | |
| Crypt Fiend | 14 | |
| Obsidian Statue | 10 | |
| Abomination | 3 | |
33 total
» upgrades
| Web | 1 | |
| Destroyer Form | 1 | |
| Burrow | 1 | |
| Disease Cloud | 1 | |
4 total
» buildings
| Graveyard | 1 | |
| Crypt | 3 | |
| Altar of Darkness | 2 | |
| Ziggurat | 10 | |
| Tomb of Relics | 1 | |
| Halls of the Dead | 1 | |
| Nerubian Tower | 2 | |
| Black Citadel | 1 | |
| Slaughterhouse | 2 | |
23 total
» build order
00:13 Graveyard
00:17 Crypt
00:19 Crypt
00:21 Crypt
00:42 Altar of Darkness
00:44 Altar of Darkness
00:48 Ziggurat
00:50 Ziggurat
01:13 Tomb of Relics
02:01 Ziggurat
02:02 Ziggurat
02:04 Ziggurat
03:51 Halls of the Dead
03:54 Nerubian Tower
03:54 Nerubian Tower
05:11 Ziggurat
06:13 Black Citadel
06:51 Slaughterhouse
06:53 Ziggurat
07:38 Slaughterhouse
09:37 Ziggurat
10:30 Ziggurat
31:05 Ziggurat
» items
| Rod of Necromancy | 2 | |
| Dust of Appearance | 2 | |
| Orb of Corruption | 2 | |
| Scroll of Town Portal | 4 | |
| Potion of Lesser Invulnerability | 8 | |
18 total
omgwtfbbq2 (
teal | 138 APM | 4764 actions | 34:27)
5 Demon Hunter
3 Mana Burn
2 Evasion
6 Keeper of the Grove
3 Entangling Roots
2 Thorns Aura
1 Tranquility
» actions
| Assign group hotkey | 87 | |
| Build / train | 84 | |
| ESC pressed | 2 | |
| Enter build submenu | 22 | |
| Enter hero's abilities submenu | 12 | |
| Give item / drop item | 2 | |
| Right click | 1758 | |
| Select / deselect | 1295 | |
| Select group hotkey | 1256 | |
| Use ability | 246 | |
4764 total
» units
| Wisp | 21 | |
| Huntress | 4 | |
| Dryad | 13 | |
| Druid of the Claw | 14 | |
52 total
» upgrades
| Ultravision | 1 | |
| Abolish Magic | 1 | |
| Druid of the Claw Training | 2 | |
| Mark of the Claw | 1 | |
| Strength of the Wild | 1 | |
| Reinforced Hides | 1 | |
7 total
» buildings
| Altar of Elders | 1 | |
| Moon Well | 9 | |
| Hunter's Hall | 1 | |
| Ancient of War | 2 | |
| Tree of Ages | 1 | |
| Ancient of Lore | 2 | |
| Tree of Eternity | 2 | |
| Ancient of Wonders | 2 | |
| Tree of Life | 2 | |
22 total
» build order
00:04 Altar of Elders
00:16 Moon Well
01:50 Hunter's Hall
01:52 Ancient of War
02:06 Moon Well
02:58 Moon Well
03:28 Tree of Ages
04:27 Moon Well
05:56 Ancient of Lore
05:56 Ancient of Lore
06:45 Tree of Eternity
06:45 Tree of Eternity
07:59 Ancient of Wonders
09:13 Ancient of War
09:32 Tree of Life
10:45 Moon Well
10:47 Moon Well
15:33 Ancient of Wonders
16:05 Moon Well
16:41 Tree of Life
30:40 Moon Well
30:42 Moon Well
» items
| Boots of Speed | 1 | |
| Lesser Clarity Potion | 1 | |
| Scroll of Town Portal | 4 | |
| Orb of Venom | 1 | |
| Staff of Preservation | 1 | |
| Potion of Lesser Invulnerability | 1 | |
9 total
observersCaHeK56Rus,
2NordElgen2 Chat log
(00:28 / Allies) omgwtfbbq2: jo from?
(00:33 / Allies) mTw.Terror: rus
(00:33 / All) gogoplata: 31-2 hat der
(00:37 / Allies) omgwtfbbq2: whine xD
(00:39 / All) mTw.Terror: Das mir wayne
(00:58 / All) gogoplata: jo mir auch bisserl ^^
(01:08 / All) mTw.Terror: 32-2 kann er sich im arsch stecken ich brauch für denn 4 mins
(01:09 / All) mTw.Terror: !b1
(01:15 / All) mTw.Terror: go
(01:32 / All) mTw.Terror: guter ally der weiss wie man bo von nachtelf baut echt gut
(01:41 / All) FeierLord: ^^
(01:42 / All) FeierLord: ironie?
(01:50 / All) mTw.Terror: find es heraus
(06:27 / Allies) omgwtfbbq2: b
(08:04 / All) mTw.Terror: g
(08:56 / All) mTw.Terror: g
(11:48 / Allies) omgwtfbbq2: b
(13:38 / Allies) mTw.Terror: sec
(13:39 / Allies) mTw.Terror: dont tp
(13:41 / Allies) mTw.Terror: i need tp
(13:42 / Allies) mTw.Terror: 1 sec
(13:46 / Allies) mTw.Terror: gold pls
(16:32 / Allies) omgwtfbbq2: tP/
(16:34 / Allies) mTw.Terror: no
(16:35 / Allies) mTw.Terror: dont
(16:38 / Allies) mTw.Terror: do exp
(16:39 / Allies) mTw.Terror: here
(16:44 / Allies) mTw.Terror: dont tp
(16:46 / Allies) mTw.Terror: dont pls
(17:18 / Allies) mTw.Terror: tp
(18:56 / Allies) omgwtfbbq2: wood pls
(19:38 / Allies) mTw.Terror: back
(21:09 / Allies) mTw.Terror: tp we need
(22:02 / Allies) mTw.Terror: 2000 gold
(22:03 / Allies) mTw.Terror: pls
(22:11 / Allies) mTw.Terror: tp
(23:46 / Allies) mTw.Terror: gol dpls
(23:47 / Allies) mTw.Terror: need hero
(24:02 / Allies) mTw.Terror: more
(24:02 / Allies) mTw.Terror: need
(24:04 / Allies) mTw.Terror: 300 gold
(24:05 / Allies) mTw.Terror: more
(24:17 / Allies) mTw.Terror: i drink
(24:19 / Allies) mTw.Terror: ure moon wells
(24:20 / Allies) mTw.Terror: ok?
(24:23 / Allies) omgwtfbbq2: k
(24:58 / Allies) omgwtfbbq2: ghoul
(25:50 / Allies) omgwtfbbq2: b
(26:02 / Allies) omgwtfbbq2: hit ?
(26:18 / Allies) mTw.Terror: dont focus hjero sh1212
(26:21 / Allies) mTw.Terror: got tp
(26:22 / Allies) mTw.Terror: + heal
(26:34 / Allies) mTw.Terror: 100 gold
(26:36 / Allies) mTw.Terror: n eed desi
(28:26 / Allies) mTw.Terror: gold pls
(28:28 / Allies) mTw.Terror: need hero
(28:35 / Allies) mTw.Terror: 200 more pls
(29:39 / All) gogoplata: gg
(29:52 / Allies) omgwtfbbq2: wood
(30:04 / Allies) omgwtfbbq2: fucking random :)
(30:09 / Allies) mTw.Terror: y
(30:10 / Allies) omgwtfbbq2: gg
(30:24 / Allies) mTw.Terror: gold dude
(32:05 / All) mTw.Terror: ty u
(32:24 / All) mTw.Terror: ty again
(33:04 / Allies) mTw.Terror: wood pls
(33:05 / Allies) mTw.Terror: wood pls
(33:06 / Allies) mTw.Terror: woood
(33:07 / Allies) mTw.Terror: wood
(33:13 / Allies) mTw.Terror: gold pls
(33:54 / Allies) omgwtfbbq2: tt
(34:24 / All) mTw.Terror: gg